 Dungeon Crawl Stone Soup version 0.19.1-1-g22dce08 (webtiles) character file.

2314885 Iwannabefree the Acrobat (level 27, 219/219 HPs)
             Began as a Vampire Ice Elementalist on Jan 8, 2017.
             Was the Champion of Kikubaaqudgha.
             Escaped with the Orb
             ... and 4 runes on Jan 10, 2017!
             The game lasted 04:55:10 (74231 turns).

Iwannabefree the Acrobat (VpIE)                    Turns: 74231, Time: 04:55:11

Health: 219/219    AC:  0    Str: 13    XL:     27
Magic:  42/42      EV: 50    Int: 22    God:    Kikubaaqudgha [******]
Gold:   1230       SH:  2    Dex: 29    Spells: 14 memorised, 3 levels left

rFire  . . .     SeeInvis +     (weapon currently unavailable)
rCold  . . .     Gourm    .     (armour currently unavailable)
rNeg   + . .     Faith    .     (shield currently unavailable)
rPois  +         Spirit   .     (helmet currently unavailable)
rElec  .         Reflect  +     (cloak currently unavailable)
rCorr  .         Harm     .     (gloves currently unavailable)
MR     ++...                    (boots currently unavailable)
Stlth  ++++......               U - amulet "Empaziu" {Reflect *Corrode rPois Int+4 Dex+3 SH+2 Stlth+}
                                (ring currently unavailable)
                                (ring currently unavailable)

@: bat-form, flying, repel missiles, very quick
A: fangs 3, (horns 0), repulsion field 1, see invisible, (electricity
resistance), (unbreathing), no device heal 1, subdued magic 1
a: End Transformation, Receive Corpses, Torment, Brand Weapon With Pain, Receive
Necronomicon, Renounce Religion
0: Orb of Zot
}: 4/15 runes: decaying, silver, golden, gossamer


You escaped.
You worshipped Kikubaaqudgha.
Kikubaaqudgha was exalted by your worship.
You were not thirsty.
You were in vampire-bat-form.
You visited 11 branches of the dungeon, and saw 55 of its levels.
You visited 1 bazaar.
You also visited: Labyrinth, Sewer, Bailey, Ice Cave and Wizlab.

You collected 6888 gold pieces.
You spent 5658 gold pieces at shops.

Inventory:

Hand Weapons
 a - a +9 great sword of electrocution (melded)
 b - a +0 vampiric dagger
Missiles
 s - 6 throwing nets (quivered)
Armour
 c - a +2 hat of see invisible (melded)
 j - the +0 cloak of the Desert (melded) {rElec rCorr Int-4 Dex+10}
   (You found it on level 5 of the Vaults)

   It affects your intelligence (-4).
   It affects your dexterity (+10).
   It insulates you from electricity.
   It protects you from acid and corrosion.
 x - +5 steam dragon scales (melded)
 y - the +0 pair of gloves of Sin (melded) {rF++ rN+ Regen+ Stlth+}
   (You found it on level 3 of the Depths)

   It greatly protects you from fire.
   It protects you from negative energy.
   It increases your rate of regeneration.
   It makes you more stealthy.
 Y - a +2 pair of boots (melded)
 Z - a +2 cloak of poison resistance
Jewellery
 i - an uncursed ring of resist corrosion
 K - the ring of Xiet {Wiz rC+ rN+}
   (You took it off an ironbrand convoker on level 5 of the Vaults)

   [ring of wizardry]

   It improves your spell success rate.
   It protects you from cold.
   It protects you from negative energy.
 M - a +5 ring of protection (melded)
 R - a +6 ring of dexterity
 U - the amulet "Empaziu" (around neck) {Reflect *Corrode rPois Int+4 Dex+3 SH+2 Stlth+}
   (You took it off a vault warden on level 5 of the Vaults)

   [amulet of reflection]

   It shields you and reflects attacks.
   It affects your intelligence (+4).
   It affects your dexterity (+3).
   It protects you from poison.
   It may corrode you when you take damage.
   It affects your SH (+2).
   It makes you more stealthy.
 X - the ring "Toaded" (melded) {rF+ rC+ MR+ Dex+2}
   (You bought it in a shop in a bazaar)

   [ring of protection from cold]

   It affects your dexterity (+2).
   It protects you from fire.
   It protects you from cold.
   It affects your resistance to hostile enchantments.
Wands
 d - a wand of digging (4/24) {@v4}
 C - a wand of disintegration (7/24)
 H - a wand of heal wounds (3/9) {@v1}
Scrolls
 f - 3 scrolls of blinking {@r4}
 l - 8 scrolls of enchant armour
 n - 32 scrolls of remove curse {@r2}
 p - 9 scrolls of recharging
 r - 4 scrolls of identify {@r1}
 A - 3 scrolls of fog {@r4}
 D - 10 scrolls of teleportation {@r3}
 F - 7 scrolls of amnesia
 L - 6 scrolls of fear {@r5}
 Q - 8 scrolls of enchant weapon
 T - a scroll of summoning
 V - 6 scrolls of silence
 W - 6 scrolls of vulnerability
Potions
 e - 6 potions of blood
 h - 2 potions of haste {@q3}
 k - 10 potions of brilliance
 o - 6 potions of heal wounds {@q2}
 q - 16 potions of curing {@q1}
 u - 6 potions of magic
 w - a potion of cure mutation
 z - 11 potions of agility {@q5}
 B - a potion of cancellation
 E - 4 potions of might {@q4}
 I - 11 potions of flight
 J - 3 potions of ambrosia
 P - 5 potions of resistance
 S - 3 potions of invisibility
Books
 t - a book of Enchantments

   Spells                             Type                      Level
   a - Cause Fear                     Hexes                        4
   b - Yara's Violent Unravelling     Hexes/Transmutation          5
   c - Silence                        Hexes/Air                    5
   d - Deflect Missiles               Charms/Air                   6
   e - Discord                        Hexes                        8
 v - a Necronomicon

   Spells                             Type                      Level
   a - Haunt                          Necromancy/Summoning         7
   b - Borgnjor's Revivification      Necromancy                   8
   c - Death's Door                   Charms/Necromancy            8
   d - Infestation                    Necromancy                   8
   e - Necromutation                  Transmutation/Necromancy     8
 G - a book of Callings

   Spells                             Type                      Level
   a - Summon Small Mammal            Summoning                    1
   b - Call Imp                       Summoning                    2
   c - Call Canine Familiar           Summoning                    3
   d - Summon Guardian Golem          Hexes/Summoning              3
   e - Summon Lightning Spire         Summoning/Air                4
   f - Summon Ice Beast               Ice/Summoning                4
 O - a book of Burglary

   Spells                             Type                      Level
   a - Swiftness                      Charms/Air                   2
   b - Passwall                       Transmutation/Earth          2
   c - Passage of Golubria            Translocation                4
   d - Lee's Rapid Deconstruction     Earth                        5
   e - Darkness                       Hexes                        6
   f - Invisibility                   Hexes                        6
Miscellaneous
 g - a phantom mirror
 N - a figurine of a ziggurat


   Skills:
 - Level 18.5 Fighting
 - Level 20.0 Long Blades
 - Level 9.0 Armour
 + Level 26.6 Dodging
 - Level 19.0 Stealth
 - Level 15.0 Spellcasting
   Level 1.2 Conjurations
 - Level 17.5 Hexes
 - Level 5.0 Charms
 - Level 24.0 Necromancy
 - Level 6.5 Ice Magic
 - Level 6.0 Air Magic


You had 3 spell levels left.
You knew the following spells:

 Your Spells              Type           Power        Failure   Level  Hunger
a - Confuse               Hex            ######..     0%          3    None
b - Ozocubu's Armour      Chrm/Ice       ####....     1%          3    None
c - Spectral Weapon       Hex/Chrm       ######..     1%          3    None
d - Animate Dead          Necr           N/A          0%          4    None
e - Simulacrum            Ice/Necr       ######....   1%          6    #####..
f - Repel Missiles        Chrm/Air       ####..       1%          2    None
g - Dispel Undead         Necr           #######.     0%          5    ###....
h - Vampiric Draining     Necr           #######...   0%          3    None
i - Invisibility          Hex            ######..     1%          6    #####..
j - Blink                 Tloc           N/A          6%          2    None
k - Apportation           Tloc           ##........   3%          1    None
l - Discord               Hex            ######....   17%         8    #######
m - Passwall              Tmut/Erth      ##........   6%          2    None
s - Silence               Hex/Air        ######....   1%          5    ###....


Dungeon Overview and Level Annotations

Branches:
Dungeon (15/15)            Temple (0/1) D:4            Lair (6/6) D:8
  Swamp (4/4) Lair:4       Spider (4/4) Lair:3        Slime (0/5) Lair:5
    Orc (2/2) D:12            Elf (3/3) Orc:2        Vaults (5/5) D:14
  Crypt (3/3) Vaults:3       Tomb (3/3) Crypt:3      Depths (5/5) D:15
    Zot (5/5) Depths:5

Altars:
Ashenzari
Dithmenos
Elyvilon
Kikubaaqudgha
Okawaru
Vehumet
Xom
Zin
The Shining One
Beogh
Jiyva
Lugonu

Shops:
D:5 [?   D:6 =   Orc:2 *:[(   Elf:2 ?   Vaults:1 :   Depths:3 !

Portals:
Hell: Depths:1 Depths:2 Depths:3 Depths:4 Depths:5
Abyss: Depths:4 Depths:5
Pandemonium: Depths:3
Ziggurat: Depths:4

Annotations:
D:3 Thrillho's ghost, amateur DEFE
Spider:3 exclusion: Roxanne, Roxanne


Innate Abilities, Weirdness & Mutations

You have razor-sharp teeth.
You have supernaturally acute eyesight. (SInv)
((You can survive without breathing.))
((You have a pair of small horns on your head.))
You are surrounded by a mild repulsion field. (EV +2)
((You are resistant to electric shocks. (rElec)))
Potions and wands are less effective at restoring your health.
Your spells are a little easier to cast, but a little less powerful.


Message History

The +0 cloak of the Desert {rElec rCorr Int-4 Dex+10} melds into your body.
Your +2 hat of see invisible melds into your body.
The +0 pair of gloves of Sin {rF++ rN+ Regen+ Stlth+} melds into your body.
Your +2 pair of boots melds into your body.
Your +5 steam dragon scales melds into your body.
Your +5 ring of protection melds into your body.
The ring "Toaded" {rF+ rC+ MR+ Dex+2} melds into your body.
Your +9 great sword of electrocution stops crackling.
You now have 40/42 mp.
You hear a grinding noise.
Magic restored.
You hear a grinding noise.
You hear a grinding noise.
You hear a grinding noise.
You see here a scale mail.
You hear a grinding noise.
You see here a beef jerky {@e2}.
There is a staircase leading out of the dungeon here.
MP restored: 42 You have escaped!

.# ############ #......# .#
#..........# #.#.####
.#####.########.#####.#.#####
.#.%........................#
.#.###.#####.......##.#.#########
.#.# #.# #.......'..#..........
.#.# #.#####.......##########.###
'#.# #.................# #.# ...#
#..##..##>#b#..##.# #.#
...###......######.....# #.#
...##...##.## ##.##.# #.#
...##....### ###>.# #.#
...##...##.## ##.##.# #.#
...##.......######..)..# #.#
...##...##..#.#>##..##.# #.#
.#.##..................# #.#
.#.##..####.#.......#### #.#


There were no monsters in sight!

Vanquished Creatures
  Mara (Vaults:3)
  5 ancient liches (Zot:5)
  An orb of fire (Zot:5)
  2 juggernauts
  22 greater mummies
  The ghost of Atlantean the Warrior, a master GrFi of the Shining One (Vaults:5)
  Boris (twice) (Vaults:3 Depths:3)
  Frederick (Crypt:1)
  3 Killer Klowns (Zot:5)
  Saint Roka (Vaults:5)
  2 curse toes
  A golden dragon (Zot:5)
  the Enchantress (D:15)
  Jory (Vaults:2)
  An electric golem (Zot:5)
  Jorgrun (Spider:2)
  A hellephant (Depths:2)
  7 tentacled monstrosities
  15 Orb Guardians (Zot:5)
  A Cloud Mage (WizLab)
  10 liches
  3 deep elf blademasters
  A deep elf master archer (Elf:3)
  4 titans
  2 quicksilver dragons
  Frances (D:13)
  2 thorn hunters
  9 sphinxes
  2 death cobs
  8 tengu reavers
  5 ancient champions
  4 storm dragons
  11 fire giants
  4 shadow dragons
  3 revenants
  2 draconian monks
  6 draconian knights
  4 draconian scorchers
  8 frost giants
  18 vault wardens
  A ghost moth (shapeshifter) (Depths:3)
  An orc warlord (Orc:2)
  2 curse skulls
  14 deep elf sorcerers
  2 iron dragons
  A caustic shrike zombie (Crypt:2)
  3 draconian zealots
  6 ghouls
  7 ghost moths
  Aizul (D:15)
  3 draconian shifters
  5 deep elf elementalists
  A reaper (Crypt:3)
  A juggernaut zombie (Crypt:2)
  Louise (Swamp:3)
  6 draconian annihilators
  5 emperor scorpions
  2 war gargoyles
  2 spriggan defenders
  4 draconian callers
  15 very ugly things
  17 ironheart preservers
  23 stone giants
  Nessos (D:13)
  6 black draconians
  5 deep elf demonologists
  7 bennus
  8 entropy weavers
  Azrael (Spider:1)
  6 vampire knights
  4 green draconians
  6 deep elf annihilators
  11 mottled draconians
  12 white draconians
  11 red draconians
  17 dire elephants (Depths:2)
  3 yellow draconians
  A spark wasp (Spider:2)
  7 purple draconians
  8 deep elf death magi
  10 ettins
  5 eidola
  15 mummy priests
  7 deep elf high priests
  11 fire dragons
  3 jiangshi
  A crystal guardian (Vaults:4)
  19 yaktaur captains
  A quicksilver dragon skeleton (Crypt:1)
  8 ice dragons
  Erolcha (Orc:1)
  14 vault guards
  11 great orbs of eyes
  A minotaur (Lab)
  13 hydras
  10 spriggan air magi
  5 rakshasas
  6 ghost crabs
  A hell beast (Depths:3)
  3 death knights
  A catoblepas (Lair:6)
  10 centaur warriors
  32 dancing weapons
  17 ogre magi
  64 death scarabs
  13 deep troll shamans
  7 vampire magi
  11 alligators
  4 tengu warriors
  12 death yaks (Lair:6)
  9 deep troll earth magi
  2 orc high priests
  8 spriggan berserkers
  A storm dragon zombie (Crypt:1)
  2 soul eaters
  A titan skeleton (Crypt:3)
  Nergalle (D:12)
  2 iron trolls (Depths:2)
  12 hell knights
  21 deep elf knights
  2 sixfirhies
  35 skeletal warriors
  4 shadow wraiths
  The ghost of godfroggy the Merchant of Misery, a novice DDNe of Kikubaaqudgha (D:7)
  3 unseen horrors
  30 deep trolls
  2 glowing orange brains (Depths:1)
  3 flayed ghosts
  A spriggan druid (Swamp:4)
  The ghost of Lluna the Jinx, a novice SpEn of Ru (D:11)
  19 deep elf archers
  15 ironbrand convokers
  16 phantasmal warriors
  15 swamp dragons
  11 wizards
  6 hill giants
  17 orc knights
  4 harpies (Vaults:5)
  10 necromancers
  An anaconda skeleton (Tomb:1)
  11 orb spiders
  70 deep elf magi
  27 wolf spiders
  53 ugly things
  7 orc sorcerers
  6 cyclopes
  A salamander (shapeshifter) (Vaults:5)
  An elephant (shapeshifter) (Depths:4)
  An elephant (Depths:2)
  5 moths of wrath
  A moth of wrath (shapeshifter) (Vaults:4)
  A frost giant skeleton (Crypt:2)
  A sphinx skeleton (Crypt:1)
  15 vault sentinels
  An ice statue (IceCv)
  A guardian serpent (shapeshifter) (Elf:1)
  A torpor snail (shapeshifter) (D:15)
  3 centaur zombies
  6 black mambas
  Joseph (D:7)
  A stone giant skeleton (Crypt:1)
  Maurice (D:8)
  A torpor snail (Spider:3)
  A rust devil (Depths:3)
  A fire giant skeleton (Crypt:1)
  20 spiny frogs
  4 efreet
  2 green draconian zombies
  2 gargoyles
  2 kobold demonologists
  8 komodo dragons
  2 komodo dragons (shapeshifter)
  2 rime drakes (Lair:6)
  An ice devil (Depths:3)
  67 yaktaurs
  A catoblepas skeleton (Crypt:3)
  8 freezing wraiths
  A tengu conjurer (D:15)
  A small abomination (Vaults:2)
  8 demonic crawlers
  A red draconian skeleton (Crypt:3)
  42 guardian mummies
  17 jumping spiders
  3 hellwings (D:15)
  8 trolls
  A white draconian skeleton (Crypt:3)
  A meliai (shapeshifter) (Depths:1)
  6 tyrant leeches
  3 meliai (D:15)
  2 queen bees (shapeshifter)
  A minotaur zombie (Lab)
  7 wind drakes (WizLab)
  16 polar bears
  A hippogriff (shapeshifter) (Depths:4)
  13 hippogriffs
  34 hornets
  A jumping spider zombie (Crypt:2)
  32 two-headed ogres
  A fire giant simulacrum (Crypt:2)
  7 bog bodies
  A deep troll zombie (D:15)
  26 blink frogs
  5 dream sheep (Lair:6)
  2 fire dragon zombies
  41 slime creatures
  2 human simulacra (Vaults:1)
  15 spriggans
  2 water elementals (Elf:3)
  57 redbacks
  2 shadows
  2 spriggan skeletons (D:15)
  A fire dragon skeleton (Crypt:2)
  43 flying skulls
  8 wraiths
  43 air elementals
  6 wyverns
  Eustachio (D:5)
  A vampire (D:10)
  16 ushabtiu
  A human (shapeshifter) (Depths:1)
  19 tarantellas
  2 hungry ghosts
  A basilisk (Lair:2)
  23 fire elementals
  37 yaks
  A basilisk (shapeshifter) (Elf:1)
  A hill giant skeleton (Crypt:3)
  9 wargs
  A steam dragon (shapeshifter) (Vaults:2)
  27 vampire mosquitoes
  21 insubstantial wisps
  A wind drake skeleton (Crypt:1)
  2 mottled dragons
  A soldier ant (shapeshifter) (Depths:1)
  14 swamp worms
  A water moccasin (shapeshifter) (Depths:3)
  19 soldier ants (Spider:4)
  10 water moccasins
  3 hell hounds (Spider:1)
  6 porcupines
  A floating eye (Depths:3)
  3 black bears
  A floating eye (shapeshifter) (Vaults:5)
  45 orc warriors
  15 swamp drakes
  Purgy (Sewer)
  5 ettin simulacra
  3 eyes of draining
  A hornet zombie (D:15)
  5 sky beasts
  59 ogres
  5 ice beasts
  7 necrophages
  11 boggarts
  17 wolves
  2 eyes of draining (shapeshifter)
  17 centaurs
  An elephant skeleton (Crypt:2)
  9 crocodiles
  A torpor snail zombie (Crypt:2)
  A big kobold (D:10)
  A bullfrog (shapeshifter) (Elf:3)
  2 earth elementals
  A wyvern zombie (D:13)
  16 bullfrogs
  A wyvern skeleton (D:14)
  8 scorpions
  A warg zombie (Crypt:2)
  A yak zombie (Crypt:3)
  10 killer bees
  A troll skeleton (Crypt:1)
  12 wights
  4 vampire bats
  13 electric eels
  3 howler monkeys (D:9)
  4 crimson imps
  5 jellies
  A quasit (D:5)
  A yaktaur simulacrum (Vaults:1)
  3 bullfrog zombies
  26 orc priests
  4 centaur skeletons
  4 hounds
  A jelly (shapeshifter) (Vaults:3)
  18 orc wizards
  5 bullfrog skeletons
  4 iguanas
  A demonspawn skeleton (Crypt:3)
  9 hell rats
  14 worker ants
  A big kobold zombie (Crypt:2)
  A big kobold skeleton (Crypt:2)
  2 hound skeletons
  47 mummies
  Robin (D:4)
  A swamp drake zombie (Crypt:3)
  9 adders
  2 shadow imps
  3 oozes (D:2)
  7 worms
  2 adder skeletons
  A dart slug (D:1)
  6 leopard geckos
  75 orcs
  A bat skeleton (D:3)
  3 bat zombies (D:3)
  3 giant cockroaches
  19 goblins
  10 hobgoblins
  12 jackals
  3 quokkas
  3 ball pythons
  A ball python zombie (Crypt:1)
  15 bats
  10 frilled lizards
  9 kobolds
  A kobold skeleton (Crypt:3)
  An orc skeleton (Crypt:2)
  2 quokka skeletons
  11 rats
  A crawling corpse (Elf:3)
2650 creatures vanquished.

Vanquished Creatures (collateral kills)
  An ancient lich (Zot:5)
  2 orbs of fire (Zot:5)
  Mennas (Crypt:2)
  A greater mummy (Tomb:3)
  2 caustic shrikes (Depths:3)
  A golden dragon (Depths:3)
  An electric golem (Zot:5)
  A tentacled monstrosity (Swamp:3)
  6 Orb Guardians (Zot:5)
  A titan (Vaults:5)
  A thorn hunter (Swamp:4)
  A sphinx (Vaults:5)
  Gastronok (Orc:1)
  A tengu reaver (Vaults:5)
  An ancient champion (Tomb:3)
  2 storm dragons
  3 fire giants (Depths:3)
  A draconian monk (Zot:5)
  An ironheart preserver (Vaults:5)
  A stone giant (Vaults:5)
  2 entropy weavers
  A very ugly thing (Vaults:5)
  A reaper (Crypt:2)
  2 spriggan defenders (D:15)
  3 bennus (Tomb:3)
  A black draconian (Zot:5)
  A deep elf annihilator (Vaults:5)
  2 deep elf death magi (Vaults:5)
  4 mummy priests
  2 deep elf high priests (Vaults:5)
  An ettin (Depths:3)
  21 vault guards (Vaults:5)
  Fannar (Lair:1)
  An ogre mage (Depths:3)
  2 catoblepae (Lair:6)
  A ghost crab (Swamp:3)
  2 alligators (Swamp:3)
  2 spriggan air magi
  7 hydras
  A queen ant (Spider:4)
  A deep troll shaman (Depths:5)
  A tengu warrior (Depths:3)
  11 death scarabs (Tomb:3)
  12 death yaks (Lair:6)
  3 spriggan berserkers
  An iron troll (Depths:5)
  An ironbrand convoker (Vaults:5)
  A deep troll (Depths:5)
  A spriggan druid (Swamp:3)
  3 swamp dragons
  A shambling mangrove (Swamp:4)
  3 wolf spiders
  3 orb spiders
  A spiny frog (Lair:6)
  A komodo dragon (Lair:1)
  A demonic crawler (Spider:1)
  3 guardian mummies (Tomb:3)
  5 jumping spiders
  A red devil (Depths:3)
  A tengu conjurer (Depths:3)
  A bog body (Swamp:1)
  2 hornets
  2 slime creatures (Swamp:3)
  A tyrant leech (Swamp:3)
  A blink frog (Lair:6)
  4 flying skulls
  An air elemental (Depths:5)
  5 redbacks
  A spriggan (D:15)
  4 tarantellas
  7 ushabtiu
  3 yaks (Lair:6)
  3 fire elementals (Spider:1)
  A soldier ant (Spider:4)
  3 swamp worms (Lair:4)
  A water moccasin (Lair:1)
  A hell hound (Spider:1)
  3 swamp drakes (Swamp:4)
  An orc warrior (Vaults:5)
  A boggart (Depths:3)
  A crocodile (Lair:3)
  An electric eel (Lair:4)
  5 worker ants
  A hell rat (Lair:1)
  A mummy (Tomb:3)
  An orc (Vaults:5)
  5 plants (Lair:6)
204 creatures vanquished.

Vanquished Creatures (others)
  An Orb Guardian (Zot:5)
  Asterion (Spider:2)
  A fire giant (Depths:1)
  A frost giant (Depths:4)
  2 vault wardens
  A draconian caller (Zot:4)
  An ettin (Vaults:5)
  2 vault guards (Vaults:5)
  A quicksilver dragon skeleton (Tomb:2)
  An ogre mage (Depths:3)
  3 death scarabs
  A deep elf knight (Elf:1)
  A spriggan druid (Swamp:3)
  3 deep trolls (Vaults:3)
  An ironbrand convoker (Vaults:4)
  A deep elf archer (Elf:1)
  An orb spider (Spider:2)
  An ugly thing (Vaults:1)
  4 deep elf magi
  A moth of wrath (Zot:5)
  A shock serpent zombie (Tomb:3)
  An efreet (Zot:2)
  5 yaktaurs
  A two-headed ogre (Depths:1)
  8 flying skulls
  A redback (Spider:2)
  2 fire elementals
  2 ogres (Vaults:4)
  An orc wizard (D:12)
  A worker ant (Spider:4)
  6 mummies
  A white imp (Zot:5)
  A ball lightning (Zot:5)
  An orc (Vaults:5)
  4 briar patches (Swamp:4)
  2 crawling corpses (Elf:3)
  106 fungi
  58 plants
  20 spectral weapons
  A withered plant (D:15)
252 creatures vanquished.

Grand Total: 3106 creatures vanquished

Notes
Turn   | Place    | Note
-------+----------+-------------------------------------------
     0 | D:1      | Iwannabefree the Vampire Ice Elementalist began the quest for the Orb.
     0 | D:1      | Reached XP level 1. HP: 13/13 MP: 3/3
   177 | D:1      | Reached XP level 2. HP: 8/19 MP: 3/5
  1187 | D:1      | Reached XP level 3. HP: 23/24 MP: 5/7
  1508 | D:2      | Found a shadowy altar of Dithmenos.
  1682 | D:2      | Found a radiant altar of Vehumet.
  1740 | D:2      | Reached XP level 4. HP: 23/30 MP: 5/8
  2079 | D:3      | Learned a level 3 spell: Ozocubu's Armour
  2084 | D:3      | Learned a level 4 spell: Throw Icicle
  2152 | D:3      | Noticed Thrillho's ghost (amateur DEFE)
  2289 | D:3      | Found an ancient bone altar of Kikubaaqudgha.
  2298 | D:3      | Reached skill level 1 in Charms
  2301 | D:3      | Reached skill level 1 in Conjurations
  2301 | D:3      | Reached XP level 5. HP: 22/35 MP: 4/10
  2304 | D:3      | Became a worshipper of Kikubaaqudgha
  2775 | D:4      | Found a staircase to the Ecumenical Temple.
  2845 | D:4      | Noticed Robin
  2859 | D:4      | Killed Robin
  3359 | D:4      | Noticed an ogre
  3391 | D:4      | Found a shimmering altar of Xom.
  3543 | D:5      | Entered Level 5 of the Dungeon
  3601 | D:5      | Found Paamacota's Magic Scroll Boutique.
  3619 | D:5      | Bought a scroll of blinking for 90 gold pieces
  3619 | D:5      | Bought a scroll of blinking for 90 gold pieces
  3629 | D:5      | Reached * piety under Kikubaaqudgha
  3629 | D:5      | Identified Kikubaaqudgha's Tome of Evil Rituals (Kikubaaqudgha gifted it to you on level 5 of the Dungeon)
  3629 | D:5      | Received a gift from Kikubaaqudgha
  3653 | D:5      | Reached skill level 1 in Long Blades
  3653 | D:5      | Reached skill level 5 in Ice Magic
  3653 | D:5      | Reached XP level 6. HP: 41/41 MP: 8/11
  3689 | D:5      | Learned a level 2 spell: Corpse Rot
  3729 | D:5      | Noticed Eustachio
  3742 | D:5      | Killed Eustachio
  3874 | D:5      | Reached XP level 7. HP: 39/46 MP: 9/12
  3896 | D:5      | Found Maucoist's Armour Shop.
  4094 | D:5      | Found a white marble altar of Elyvilon.
  4094 | D:5      | Found a glowing golden altar of the Shining One.
  4094 | D:5      | Found a glowing silver altar of Zin.
  4198 | D:5      | You fall through a shaft for 3 floors!
  4232 | D:8      | Found a flagged portal.
  4249 | Bailey   | Entered a bailey
  4266 | Bailey   | Learned a level 1 spell: Pain
  4598 | Bailey   | Noticed an orc knight
  4608 | Bailey   | Killed an orc knight
  4608 | Bailey   | Reached skill level 5 in Long Blades
  4608 | Bailey   | Reached skill level 5 in Necromancy
  4608 | Bailey   | Reached XP level 8. HP: 52/52 MP: 11/13
  4727 | Bailey   | Reached ** piety under Kikubaaqudgha
  4811 | Bailey   | Got spiked fire dragon scales
  4822 | Bailey   | Identified the +3 fire dragon scales of Ifuhuxzie {rF++ rC- Int+2 Stlth+} (You found it in a bailey)
  4822 | Bailey   | bear: nice
  4832 | Bailey   | Iwannabefree: govno zhe
  4833 | Bailey   | Got a brightly glowing long sword
  4834 | Bailey   | Identified the +10 long sword of Inconvenience {flame, Int+3} (You found it in a bailey)
  4835 | Bailey   | Iwannabefree: ooo
  4835 | Bailey   | Iwannabefree: eto nais
  4835 | Bailey   | bear: poch?
  4906 | D:8      | Iwannabefree: >+3
  4906 | D:8      | bear: izza rc?
  4906 | D:8      | Iwannabefree: da
  4906 | D:8      | Iwannabefree: seichas ne pobegaesh v nei
  4925 | D:8      | Learned a level 3 spell: Vampiric Draining
  4925 | D:8      | bear: ny razve vampir ne imeet rc?
  4928 | D:8      | Found a staircase to the Lair.
  5024 | D:8      | bear: ny was ponyatno
  5086 | D:7      | Iwannabefree: kak skazat
  5150 | D:7      | Reached XP level 9. HP: 57/57 MP: 14/14
  5225 | D:7      | Noticed godfroggy's ghost (novice DDNe)
  5234 | D:7      | bear: a poch ti full begaew? vamp je s golodom polychaet tam rezisti kakieto?
  5234 | D:7      | Iwannabefree: >>>control undead
  5234 | D:7      | bear: ??vampire
  5234 | D:7      | beem: vampire[1/2]: Undead that turns invisible and doesn't mob you with drain-happy orange rats. Weaker than knight and mage versions. For the player species, see {vp}.
  5234 | D:7      | Iwannabefree: AAAAAA
  5234 | D:7      | Iwannabefree: da
  5234 | D:7      | Iwannabefree: no tut regen
  5241 | D:7      | bear: ??Vp
  5241 | D:7      | beem: vp[1/5]: Vampires can't starve to death (or eat!), they gradually change, depending on blood level: see vp[2]. They can turn into vampire bats after xl3, bottle blood from normal corpses. Vp start with SInv and sharp teeth 3, so they can randomly drink blood from living foes in melee.
  5251 | D:7      | Killed godfroggy's ghost
  5315 | D:6      | bear: ??Vp[2
  5315 | D:6      | beem: vp[2/5]: Alive: fast metabolism, fast regeneration, able to berserk/transmute. Bloodless: no metabolism, no regeneration, Stlth++, no spell hunger, rPois, rCold++, rN+++, torment immunity, unable to berserk/transform(except vampire bat form).
  5318 | D:6      | Found Hotuh's Jewellery Emporium.
  5376 | D:6      | bear: lul
  5399 | D:6      | bear: torm immun eto cool
  5399 | D:6      | Iwannabefree: >>no regen
  5399 | D:6      | Iwannabefree: >>kruto
  5416 | D:6      | bear: k slovy ot bloodles ne ymeret`?
  5416 | D:6      | Iwannabefree: >>>pritom shto u drugih undedov rtorm so starta
  5416 | D:6      | Iwannabefree: net
  5511 | D:6      | bear: ny castyew firestormi prosto i izdaleka damag ne polychaew izza torm immun
  5520 | D:6      | Iwannabefree: >>>>>>>>>>>>>>>>firestormi
  5520 | D:6      | Iwannabefree: >>>>>>>>>>>>>>>>>conj -3
  5627 | D:6      | Found a glowing drain.
  5640 | Sewer    | Entered a sewer
  5669 | Sewer    | bear: ta pohs na -3
  5682 | Sewer    | Noticed Purgy
  5688 | Sewer    | Killed Purgy
  5690 | Sewer    | bear: farmishsya i vse
  5801 | D:6      | Iwannabefree: skuchno
  5898 | D:6      | bear: a wto ne skuchno?
  5898 | D:6      | Iwannabefree: mumiya
  5898 | D:6      | Iwannabefree: s faerstormom
  5976 | D:6      | bear: lul
  6086 | D:7      | Iwannabefree: ili kot
  6102 | D:7      | bear: ny mumiya mozhet zhe rF poluchit ?
  6313 | D:7      | Iwannabefree: ofc
  6313 | D:7      | Iwannabefree: kstote
  6313 | D:7      | Iwannabefree: vp norm s govnom tipa tornado
  6313 | D:7      | Iwannabefree: ibo tam tolko air
  6313 | D:7      | bear: poch?
  6313 | D:7      | bear: aaaaa\
  6313 | D:7      | Iwannabefree: i shtir
  6313 | D:7      | bear: nu shatter toje4
  6313 | D:7      | Iwannabefree: tolko shtir na gibridah ne och
  6356 | D:7      | Noticed Joseph
  6365 | D:7      | bear: a poch?
  6366 | D:7      | Reached skill level 10 in Necromancy
  6374 | D:7      | Killed Joseph
  6374 | D:7      | Reached XP level 10. HP: 37/63 MP: 3/15
  6385 | D:7      | bear: ya s shatterom ewe ne shpilil
  6552 | D:7      | Iwannabefree: shto eto
  6553 | D:7      | bear: sranie wmeli
  6554 | D:7      | bear: nenaviju
  6730 | D:7      | bear: chem ti tak podhililsya? hwound?
  7034 | D:8      | Learned a level 4 spell: Animate Dead
  7183 | D:8      | Iwannabefree: draining
  7183 | D:8      | Iwannabefree: a
  7183 | D:8      | bear: aaaa
  7183 | D:8      | Iwannabefree: potku vipil
  7183 | D:8      | Iwannabefree: hw
  7278 | D:8      | Reached skill level 10 in Long Blades
  7333 | D:8      | bear: nashet rMUtt, on tolko u halfa?
  7405 | D:8      | Found a shattered altar of Ashenzari.
  7440 | D:8      | Noticed Maurice
  7441 | D:8      | Iwannabefree: da
  7441 | D:8      | Iwannabefree: i s zinoi
  7461 | D:8      | Killed Maurice
  7461 | D:8      | Reached *** piety under Kikubaaqudgha
  7461 | D:8      | Identified Kikubaaqudgha's Guide on Dark Rituals (Kikubaaqudgha gifted it to you on level 8 of the Dungeon)
  7461 | D:8      | Received a gift from Kikubaaqudgha
  7462 | D:8      | bear: nu zin daet tolko resist ne immun k mutam?
  7471 | D:8      | bear: kstati
  7485 | D:8      | bear: ya na gargulii zinom vilechil 11 huevih mutacii
  7485 | D:8      | Iwannabefree: eee
  7485 | D:8      | Iwannabefree: simulakri
  7485 | D:8      | bear: potom obratno tso vzyal i 15 run dobil
  7485 | D:8      | Iwannabefree: ??zin
  7485 | D:8      | beem: zin[1/3]: Zin gives mutation resistance (growing to immunity at max piety), {recite} (enchantment-type effects on enemies), {vitalisation} (protection from debuffs), {imprison} (tomb other), {sanctuary} (creates a temporary attack-free zone), and passive lifesaving. At ****** you can get all your mutations cured (only once). Dislikes transmutations.
  7485 | D:8      | Iwannabefree: immun
  7602 | D:8      | bear: nice
  7960 | D:9      | bear: ploho wto ne hiliwsya ot kilov kak ot tso
  7960 | D:9      | Iwannabefree: поэтому кстати эля имхо не в щиттире
  7960 | D:9      | bear: bilo bi imboi
  7960 | D:9      | Iwannabefree: с нее свапаться к зину и тсо можно
  7960 | D:9      | Iwannabefree: и обратно
  7960 | D:9      | Iwannabefree: в отличии от какого-нибудь феди
  7960 | D:9      | Iwannabefree: да зин такой себе
  7960 | D:9      | Iwannabefree: ситуативный
  7960 | D:9      | Iwannabefree: пугать панлордов зато умеет
  7966 | D:9      | bear: lul
  8018 | D:8      | bear: vzyal ego na 2 min tolko radi cur muta'
  8043 | D:9      | bear: vdonil emu babla i easy full piety
  8080 | D:9      | bear: blink?
  8080 | D:9      | Iwannabefree: zhalko
  8081 | D:9      | bear: sdohnew jr
  8122 | D:9      | bear: ili net
  8654 | D:9      | Reached XP level 11. HP: 57/68 MP: 9/16
  8699 | D:9      | Found an iron altar of Okawaru.
  9039 | D:9      | Reached **** piety under Kikubaaqudgha
  9106 | D:10     | Entered Level 10 of the Dungeon
  9120 | D:10     | Noticed an unseen horror
  9129 | D:10     | Reached skill level 1 in Fighting
  9134 | D:10     | Killed an unseen horror
  9134 | D:10     | Reached skill level 1 in Armour
  9134 | D:10     | Reached skill level 3 in Dodging
  9198 | D:10     | Noticed a centaur warrior
  9213 | D:10     | Killed a centaur warrior
  9391 | D:10     | Noticed an unseen horror
  9399 | D:10     | Killed an unseen horror
  9399 | D:10     | Reached skill level 4 in Dodging
  9451 | D:10     | Gained mutation: You are surrounded by a mild repulsion field. (EV +2) [potion of mutation]
  9451 | D:10     | Gained mutation: You are resistant to electric shocks. (rElec) [potion of mutation]
  9451 | D:10     | Gained mutation: You have a pair of small horns on your head. [potion of mutation]
 10003 | D:11     | Noticed Lluna's ghost (novice SpEn)
 10022 | D:11     | Killed Lluna's ghost
 10212 | D:11     | Noticed a purple ugly thing
 10224 | D:11     | Killed a purple ugly thing
 10224 | D:11     | Reached skill level 5 in Dodging
 10256 | D:11     | Reached ***** piety under Kikubaaqudgha
 10629 | D:12     | Noticed a four-headed hydra
 10669 | D:12     | Found a labyrinth entrance.
 10701 | Lab      | Entered a labyrinth
 10892 | Lab      | DEFE: Иван
 10896 | Lab      | DEFE: Мышь
 10896 | Lab      | Iwannabefree: yo
 10902 | Lab      | DEFE: hi
 10902 | Lab      | Iwannabefree: iwan the bat
 10959 | Lab      | Noticed a minotaur
 10968 | Lab      | Killed a minotaur
 10986 | Lab      | Identified Sif Muna's Collected Works on the Entrancing Snowflakes
 10987 | Lab      | Iwannabefree: mda
 10988 | Lab      | DEFE: >rod
 11060 | Lab      | DEFE: это рога что ли?
 11066 | Lab      | Learned a level 5 spell: Dispel Undead
 11066 | Lab      | Iwannabefree: de
 11066 | Lab      | DEFE: мне казалось вампиры не могут в мутации
 11066 | Lab      | Iwannabefree: virosli
 11066 | Lab      | Iwannabefree: mogut
 11066 | Lab      | Iwannabefree: s banok
 11094 | D:12     | Identified a +2 rod of inaccuracy (14/14) (You found it in a labyrinth)
 11127 | D:12     | Found a staircase to the Orcish Mines.
 11203 | D:12     | Reached XP level 12. HP: 83/83 MP: 18/18
 11227 | D:12     | Noticed Nergalle
 11258 | D:12     | Killed Nergalle
 11549 | D:12     | Iwannabefree: spell lvlov bi...
 11549 | D:12     | Iwannabefree: na konfus
 11567 | D:12     | Killed a four-headed hydra
 11672 | D:12     | DEFE: какой ты смелый
 11678 | D:12     | Reached skill level 6 in Dodging
 11680 | D:12     | DEFE: шагаешь на визарда
 11791 | D:12     | Reached skill level 5 in Spellcasting
 11937 | Lair:1   | Entered Level 1 of the Lair of Beasts
 12208 | Lair:1   | Noticed a five-headed hydra
 12220 | Lair:1   | Killed a five-headed hydra
 12220 | Lair:1   | Reached skill level 5 in Fighting
 12349 | Lair:1   | Noticed Fannar
 12357 | Lair:1   | Killed Fannar
 12385 | Lair:1   | Found a glowing golden altar of the Shining One.
 12578 | Lair:1   | Reached skill level 7 in Dodging
 12806 | Lair:1   | Learned a level 3 spell: Confuse
 12877 | Lair:2   | Reached skill level 1 in Hexes
 12920 | Lair:2   | Noticed a six-headed hydra
 13074 | Lair:2   | Killed a six-headed hydra
 13833 | Lair:3   | Found a hole to the Spider Nest.
 14480 | Lair:3   | Reached XP level 13. HP: 91/93 MP: 22/22
 15001 | Lair:4   | Reached skill level 8 in Dodging
 15408 | Lair:4   | DEFE: выпил родов конечно тупо
 15422 | Lair:4   | DEFE: как теперь играть комбами-унтерменьшами не ясно
 15422 | Lair:4   | Found a staircase to the Swamp.
 15428 | Lair:4   | Iwannabefree: no?
 15446 | Lair:4   | DEFE: ?
 15450 | Lair:4   | Iwannabefree: zabei
 15450 | Lair:4   | Iwannabefree: тащемта это больше к вандам
 15450 | Lair:4   | Iwannabefree: относится
 15450 | Lair:4   | Iwannabefree: за мумию теперь анрил
 15450 | Lair:4   | Iwannabefree: без сурса хасты и хила
 15450 | Lair:4   | DEFE: Не ну гозаг остается
 15454 | Lair:4   | DEFE: для сурса хила и хасты
 15454 | Lair:4   | DEFE: но это ограничивает мумий одним богом
 15454 | Lair:4   | Iwannabefree: не даст тебе нужный поушен в критический момент
 15454 | Lair:4   | Iwannabefree: и пиздец
 15651 | Lair:5   | DEFE: ХВ он гарантированно дает
 15655 | Lair:5   | Reached skill level 5 in Hexes
 15799 | Lair:5   | Found a staircase to the Slime Pits.
 15800 | Lair:5   | Found a viscous altar of Jiyva.
 16470 | Lair:6   | Entered Level 6 of the Lair of Beasts
 17065 | Lair:6   | Reached skill level 9 in Dodging
 17066 | Lair:6   | Iwannabefree: жесткие какие
 17187 | Lair:6   | DEFE: да
 17187 | Lair:6   | DEFE: там 30 урона
 17187 | Lair:6   | Iwannabefree: кику хорош тем что можно любое говно закидать андедами
 17187 | Lair:6   | DEFE: у дес яка может быть
 17187 | Lair:6   | Iwannabefree: с минимальным риском
 17187 | Lair:6   | Iwannabefree: как юра
 17187 | Lair:6   | Iwannabefree: только менее сейфовый
 17187 | Lair:6   | DEFE: да он клевый
 17187 | Lair:6   | Iwannabefree: и без стакания андед орды
 17189 | Lair:6   | DEFE: зато более экстендовый
 17280 | Lair:6   | DEFE: симулякры то покруче драконов и сервантов
 17335 | Lair:6   | Iwannabefree: >>>>экстенд
 17335 | Lair:6   | Iwannabefree: >>>2017
 17454 | Lair:6   | DEFE: Трехрунщик
 17656 | Lair:6   | Reached XP level 14. HP: 88/104 MP: 24/26
 17862 | Lair:6   | Iwannabefree: ??iron rod
 17862 | Lair:6   | beem: iron rod[1/4]: Blasts the area in front of you with metallic fragments. Their number and spread increase with evocation power. Range 6. To-hit: 7+power/15.
 17862 | Lair:6   | Iwannabefree: жалко диск
 17862 | Lair:6   | Iwannabefree: штормов
 17862 | Lair:6   | Iwannabefree: классная штука была
 18182 | Lair:6   | DEFE: лол
 18189 | Lair:6   | DEFE: тоже ремувнули?
 18192 | Lair:6   | Reached skill level 10 in Dodging
 18193 | Lair:6   | Iwannabefree: реворкнули
 18193 | Lair:6   | Iwannabefree: а палку штормов
 18193 | Lair:6   | DEFE: ванд?
 18193 | Lair:6   | Iwannabefree: 4заряда
 18193 | Lair:6   | Iwannabefree: род
 18193 | Lair:6   | Iwannabefree: речарджится с экспой
 18193 | Lair:6   | Iwannabefree: говно короче
 18193 | Lair:6   | DEFE: нинужно
 18193 | Lair:6   | Iwannabefree: и стреляет только болтами
 18193 | Lair:6   | DEFE: реально
 18710 | Orc:1    | Entered Level 1 of the Orcish Mines
 18760 | Orc:1    | Noticed Erolcha
 18781 | Orc:1    | Killed Erolcha
 18788 | Orc:1    | Noticed Gastronok
 18845 | Orc:1    | DEFE: >a hat
 18845 | Orc:1    | Iwannabefree: и нахуй он нужен с белой шляпой
 18845 | Orc:1    | DEFE: 0/10
 18854 | Orc:1    | Killed Gastronok
 19132 | Orc:2    | Entered Level 2 of the Orcish Mines
 19132 | Orc:2    | Found a staircase to the Elven Halls.
 19215 | Orc:2    | DEFE: кику еще прокорм вампиру обеспечивает
 19258 | Orc:2    | DEFE: я вампиром с чеи играл
 19266 | Orc:2    | DEFE: вот это был цирк с едой
 19273 | Orc:2    | Iwannabefree: de
 19273 | Orc:2    | DEFE: несколько раз возвращался из томбы в данж
 19273 | Orc:2    | Iwannabefree: no on v early ninuzhniy
 19273 | Orc:2    | DEFE: искать мобов
 19312 | Orc:2    | Reached skill level 10 in Hexes
 19315 | Orc:2    | Iwannabefree: а я палкой хилился
 19315 | Orc:2    | Iwannabefree: в тумбе
 19315 | Orc:2    | DEFE: а у меня не было видимо
 19315 | Orc:2    | Iwannabefree: больше 10 речарджей проебал
 19380 | Orc:2    | Noticed an orc warlord
 19408 | Orc:2    | DEFE: а не
 19409 | Orc:2    | DEFE: была
 19414 | Orc:1    | DEFE: жалко было наверно
 19437 | Orc:1    | DEFE: или затупил
 19540 | Orc:2    | Iwannabefree: можно кстати сделать чтобы вп дрейнил не кровь а "энергию"
 19540 | Orc:2    | Iwannabefree: с любого моба чтобы можно было подзаряжаться
 19556 | Orc:2    | DEFE: типа едой?
 19579 | Orc:2    | DEFE: ты зря так
 19579 | Orc:2    | Killed an orc warlord
 19579 | Orc:2    | Reached skill level 5 in Stealth
 19582 | Orc:2    | DEFE: он убит ьможет
 19586 | Orc:2    | Iwannabefree: @??orc warlord
 19586 | Orc:2    | beem: orc warlord (o)
                  | Spd:
    10 | HD: 15   | HP: 91-132
                  | AC/EV: 13/7
                  | Dam: 32
                  | weapons, items, doors, fighter
                  | Res: magic(60)
                  | XP: 1662
                  | Sp: battlecry [!AM]
                  | Sz: Medium
                  | Int: human.
 19747 | Orc:2    | DEFE: 32+греат мейс
 20026 | Orc:2    | DEFE: а это 19
 20030 | Orc:2    | DEFE: я думал 17
 20059 | Orc:2    | Iwannabefree: ne
 20059 | Orc:2    | Iwannabefree: v 17 ne lampovo
 20062 | Orc:2    | Found a roughly hewn altar of Beogh.
 20066 | Orc:2    | Iwannabefree: i v nekotorih momentah slishkom legko
 20072 | Orc:2    | DEFE: в 17 рМут Кларити Вардинг
 20183 | Orc:2    | Found Hozim's General Store.
 20199 | Orc:2    | Found Cojurchu's Antique Armour Boutique.
 20216 | Orc:2    | Bought a scroll of teleportation for 36 gold pieces
 20232 | Orc:2    | Iwannabefree: heh
 20232 | Orc:2    | Iwannabefree: cpa
 20232 | Orc:2    | DEFE: нинужно
 20319 | Orc:2    | DEFE: 11 str
 20329 | Orc:2    | Found Enod's Antique Weapon Boutique.
 20344 | Orc:2    | Found Plog's Book Boutique.
 20367 | Orc:2    | Iwannabefree: mm
 20367 | Orc:2    | Bought shiny steam dragon scales for 1840 gold pieces
 20669 | Orc:2    | DEFE: Я бы рЦ насоил
 20695 | D:12     | DEFE: на самом деле
 20695 | D:12     | Iwannabefree: da pohui
 20710 | D:13     | DEFE: лол
 20765 | D:13     | Iwannabefree: steam ohuenen
 20766 | D:13     | DEFE: rMapping
 20815 | D:13     | Gained mutation: Your mind is acute. (Int +2) [potion of beneficial mutation]
 20873 | D:13     | Found a frozen archway.
 20883 | D:13     | Iwannabefree: sha kak plunet
 20923 | D:12     | DEFE: ты че испугался
 20953 | D:12     | Iwannabefree: @??ice dragon
 20953 | D:12     | beem: ice dragon (D)
                  | Spd:
    10 | HD: 12   | HP: 73-106
                  | AC/EV: 10/8
                  | Dam: 17, 17(claw), 17(trample)
                  | cold-blooded, fly
                  | Res: magic(40), cold++, poison, drown
                  | Vul: fire
                  | XP: 987
                  | Sp: cold breath (3d24) [!AM, !sil, breath]
                  | Sz: Giant
                  | Int: animal.
 21043 | D:13     | DEFE: д13
 21063 | D:13     | DEFE: тут наверное с финдом может быть
 21066 | IceCv    | Entered an ice cave
 21070 | IceCv    | DEFE: а не
 21070 | IceCv    | DEFE: с гигантом
 21097 | IceCv    | Learned a level 3 spell: Spectral Weapon
 21137 | IceCv    | Reached ****** piety under Kikubaaqudgha
 21450 | IceCv    | Reached XP level 15. HP: 113/113 MP: 18/28
 21706 | IceCv    | Iwannabefree: а как сделать чтобы если случайно нажал на 5 с фулл хп он не рестил
 21978 | IceCv    | Iwannabefree: drakonian?
 22022 | IceCv    | DEFE: вместо гиганта
 22082 | IceCv    | Got a bloodstained hat
 22083 | IceCv    | DEFE: это хороший кейв
 22093 | IceCv    | Identified the +1 hat of the Jackalope {*Corrode Dex+2 SInv} (You found it in an ice cave)
 22093 | IceCv    | DEFE: богатый
 22099 | IceCv    | Iwannabefree: mda
 22283 | IceCv    | DEFE: там нету
 22407 | D:13     | DEFE: еще если плохо с рЦ
 22470 | D:13     | DEFE: можно статую обойт
 22472 | D:13     | DEFE: по воде
 22688 | D:13     | Noticed Nessos
 22702 | D:13     | Killed Nessos
 22709 | D:13     | Noticed Frances
 23006 | D:13     | Killed Frances
 23063 | D:13     | DEFE: вот одна из причин
 23086 | D:13     | DEFE: почкму рЦ
 23326 | D:14     | Iwannabefree: sosulka zhe malo resistitsya
 23478 | D:14     | Found a gate to the Vaults.
 23495 | D:14     | DEFE: топор льда у него был
 23526 | D:14     | Iwannabefree: ne zametil
 23558 | D:14     | DEFE: можно + жать
 23612 | D:14     | DEFE: для смены цели
 23625 | D:14     | Reached skill level 11 in Dodging
 23674 | D:14     | Found a runed door.
 23754 | D:14     | Iwannabefree: oo
 23946 | D:13     | Reached skill level 10 in Stealth
 24058 | D:14     | Reached skill level 10 in Fighting
 24257 | D:15     | Entered Level 15 of the Dungeon
 24326 | D:15     | Found a flickering gateway to a bazaar.
 24336 | Bazaar   | Entered a bazaar
 24336 | Bazaar   | Found Teahuh's Jewellery Boutique.
 24336 | Bazaar   | Found Usakir's Food Boutique.
 24339 | Bazaar   | Found Fozasm's Jewellery Boutique.
 24340 | Bazaar   | Found Rolol's Gadget Shoppe.
 24343 | Bazaar   | Found Cuddagav's General Store.
 24359 | Bazaar   | Found Revihe's Weapon Emporium.
 24393 | Bazaar   | Bought the ring "Toaded" {rF+ rC+ MR+ Dex+2} for 585 gold pieces
 24420 | Bazaar   | Iwannabefree: palka hasti
 24420 | Bazaar   | Iwannabefree: plak
 24640 | D:15     | Found a staircase to the Depths.
 24935 | D:15     | Reached skill level 15 in Long Blades
 25940 | D:14     | Iwannabefree: spiderswamp
 25940 | D:14     | Iwannabefree: nu
 25940 | D:14     | Iwannabefree: nahuy
 26217 | Swamp:1  | Entered Level 1 of the Swamp
 26330 | Swamp:1  | Reached skill level 12 in Dodging
 26620 | Swamp:1  | Reached XP level 16. HP: 122/124 MP: 29/29
 26896 | Swamp:1  | DEFE: так хорошо же
 26901 | Swamp:1  | DEFE: куда безопаснее
 26901 | Swamp:1  | DEFE: шоалса наг
 26901 | Swamp:1  | Iwannabefree: viebli
 26901 | Swamp:1  | Iwannabefree: v spidere huevo
 26903 | Swamp:1  | Iwannabefree: v swamp net luta
 26912 | Swamp:1  | DEFE: нинужен
 26936 | Swamp:1  | DEFE: в спайдере конфуз решает
 26936 | Swamp:1  | Iwannabefree: NUZHEN
 26969 | Swamp:1  | DEFE: ходи бладлесс
 27371 | Swamp:2  | Gained mutation: You are partially covered in large bone plates. (SH +4) [potion of beneficial mutation]
 27454 | Swamp:2  | Paralysed by a hornet for 2 turns
 27880 | Swamp:1  | DEFE: лут так-то одинаков
 27887 | Swamp:1  | DEFE: в них
 27889 | Swamp:2  | Iwannabefree: v shulze magazini
 27889 | Swamp:2  | DEFE: ну в разумных могут магазины быть
 27896 | Swamp:2  | DEFE: но это редкость
 27903 | Swamp:2  | DEFE: в любом случае
 27911 | Swamp:2  | Iwannabefree: niett
 27911 | Swamp:2  | Iwannabefree: oni tam chastie
 28621 | Swamp:3  | Noticed a tentacled monstrosity
 28694 | Swamp:3  | Noticed Louise
 28712 | Swamp:3  | Killed Louise
 28715 | Swamp:3  | DEFE: MR завезли что ли?
 28715 | Swamp:3  | Iwannabefree: koltso
 28716 | Swamp:3  | DEFE: а вижу
 28846 | Swamp:3  | Killed a tentacled monstrosity
 28992 | Swamp:3  | Noticed a thorn hunter
 29021 | Swamp:3  | Killed a thorn hunter
 29021 | Swamp:3  | Reached skill level 13 in Dodging
 29295 | Swamp:3  | Iwannabefree: м
 29295 | Swamp:3  | Iwannabefree: когда друид тонет
 29295 | Swamp:3  | Iwannabefree: он не майтает всех в лосе
 29295 | Swamp:3  | Iwannabefree: почему это еще не ремувнули
 29295 | Swamp:3  | Iwannabefree: неочевидная механика
 29564 | Swamp:4  | Entered Level 4 of the Swamp
 29783 | Swamp:4  | DEFE: так это 019
 29792 | Swamp:4  | DEFE: ибо
 29810 | Swamp:4  | Iwannabefree: eto i v tranke ne remuvnuto
 29810 | Swamp:4  | Iwannabefree: VRODE
 30270 | Swamp:4  | DEFE: >транк
 30293 | Swamp:4  | DEFE: >что-то еще не ремувнуто
 30293 | Swamp:4  | DEFE: 0/10
 30330 | Swamp:4  | Noticed a thorn hunter
 30356 | Swamp:4  | Killed a thorn hunter
 30365 | Swamp:4  | Iwannabefree: eshe ne vecher
 30378 | Swamp:4  | Iwannabefree: 0.20 budet v stime!
 30419 | Swamp:4  | Noticed a thorn hunter
 30429 | Swamp:4  | DEFE: а зачем он в стиме
 30431 | Swamp:4  | DEFE: она же опенсорс
 30431 | Swamp:4  | Iwannabefree: hui znaiet
 30431 | Swamp:4  | DEFE: более того все онлайн играют
 30431 | Swamp:4  | DEFE: какой еще стим
 30431 | Swamp:4  | Iwannabefree: nu
 30431 | Swamp:4  | Iwannabefree: там в планах девелопмента
 30431 | Swamp:4  | Iwannabefree: выпуск ноль два ноль в стим
 30431 | Swamp:4  | Iwannabefree: может поэтому делают под обывателя
 30431 | Swamp:4  | DEFE: да но зачем
 30431 | Swamp:4  | Iwannabefree: хотя хуй знает чем бы ему мешали роды
 30431 | Swamp:4  | DEFE: какой смысл
 30431 | Swamp:4  | DEFE: если все играют онлайн
 30431 | Swamp:4  | DEFE: лол
 30431 | Swamp:4  | Iwannabefree: P O P U L A R I T Y
 30431 | Swamp:4  | Iwannabefree: M O N E Y
 30431 | Swamp:4  | Iwannabefree: C H I C K S
 30441 | Swamp:4  | DEFE: Популярность
 30443 | Swamp:4  | DEFE: лол
 30449 | Swamp:4  | Killed a thorn hunter
 30454 | Swamp:4  | Got a decaying rune of Zot
 30501 | Swamp:4  | DEFE: тут у игры профит на еденицу времени будет нулевой
 30501 | Swamp:4  | Reached XP level 17. HP: 100/134 MP: 28/30
 30515 | Swamp:4  | DEFE: ее 15 лет разрабатывали бесплатно
 30569 | Swamp:4  | Iwannabefree: времена меняются, дефир
 30626 | Swamp:4  | Iwannabefree: зачем-то же надо ее в стим выпускать девтиме
 30626 | Swamp:4  | Iwannabefree: сделают как в томе
 30626 | Swamp:4  | Iwannabefree: диэлси
 30626 | Swamp:4  | Iwannabefree: платные
 30626 | Swamp:4  | Iwannabefree: хочешь в экстенд
 30626 | Swamp:4  | Iwannabefree: плоти сотку!
 30990 | Swamp:4  | Iwannabefree: хотя в томе с длс подругому
 30990 | Swamp:4  | Iwannabefree: как в европке например
 30990 | Swamp:4  | Iwannabefree: нищепак уныл, игра становится играбельной только со всеми длс
 31044 | Swamp:2  | DEFE: я в томе не играл
 31044 | Swamp:2  | DEFE: так если игра опенсорс
 31044 | Swamp:2  | DEFE: то какие длс
 31044 | Swamp:2  | DEFE: Европка это вообще совсем другое дело
 31044 | Swamp:2  | DEFE: она изначально проприетарная
 31235 | Spider:1 | Entered Level 1 of the Spider Nest
 31236 | Spider:1 | DEFE: В европке я даже раз в полгода покупаю свежие длц и запускаю пару партий
 31236 | Spider:1 | DEFE: А в крестах уже давно забил
 31236 | Spider:1 | Iwannabefree: они кстати пиратятся
 31236 | Spider:1 | Iwannabefree: легко
 31236 | Spider:1 | DEFE: да я знаю
 31236 | Spider:1 | DEFE: Я играл в ломанную европку еще до ее выхода
 31236 | Spider:1 | DEFE: лол
 31236 | Spider:1 | DEFE: и в третью много играл
 31236 | Spider:1 | DEFE: и даже во вторую
 31236 | Spider:1 | Iwannabefree: я бы тоже играл если бы не ебучий днищеноут
 31236 | Spider:1 | Iwannabefree: даже куплена она
 31236 | Spider:1 | DEFE: я ее покупаю, посто потому, что считаю это правильным
 31287 | Spider:1 | Noticed Azrael
 31296 | Spider:1 | DEFE: выхвай
 31299 | Spider:1 | DEFE: армию тьмы
 31317 | Spider:1 | DEFE: я в кресты два и европку 4 играл мультиплеер еще до того как онивышли
 31318 | Spider:1 | DEFE: лол
 31567 | Spider:1 | Killed Azrael
 31678 | Spider:1 | DEFE: ты сначала всех конфузь
 31678 | Spider:1 | DEFE: а потом табай
 31686 | Spider:1 | DEFE: простой конфуз очень долго работает
 31700 | Spider:1 | DEFE: в отличии от массового
 31726 | Spider:1 | Iwannabefree: какого?
 31726 | Spider:1 | Iwannabefree: ??mass confuse
 31726 | Spider:1 | beem: I don't have a page labeled mass_confuse in my learndb.
 31731 | Spider:1 | Goblin1989: масскофьюжен
 31748 | Spider:1 | DEFE: такс такс такс
 31756 | Spider:1 | Goblin1989: типа аоешный
 31762 | Spider:1 | DEFE: гоблин и лалиев
 31782 | Lair:3   | DEFE: ну в 17о й он еще есть точно
 31782 | Lair:3   | Iwannabefree: был когда-то
 31792 | Lair:3   | Goblin1989: дэфир, тебе нового таббера пора делать!
 31792 | Lair:3   | ololoev: о, дефир и гоббир у ивана
 31908 | Spider:1 | ololoev: всем привет
 31912 | Spider:1 | Goblin1989: и ололоеву тоже приветы
 31912 | Spider:1 | Iwannabefree: yo
 31912 | Spider:1 | Iwannabefree: понедельник
 31912 | Spider:1 | Iwannabefree: олдфаги выходят с каникул
 31912 | Spider:1 | ololoev: я минут тридцать просматривал разрывы жоп в треде
 31989 | Spider:1 | ololoev: это бло круто
 31989 | Spider:1 | DEFE: я утром за чашкой кофе заценил
 32020 | Spider:1 | Goblin1989: ну они легкие
 32051 | Spider:1 | Goblin1989: я бы не затупил когда играл три руны бы уже вынес
 32052 | Spider:1 | ololoev: очердной нуфаг в треде замазывает свой ник
 32359 | Spider:2 | Noticed Asterion
 32403 | Spider:1 | DEFE: где?
 32403 | Spider:1 | ololoev: да который про эрику начал пытаться нагнать
 32405 | Spider:1 | Goblin1989: там кстати я кобольдом эльфа убил на Д5
 32407 | Spider:2 | ololoev: не ньюфаг конечно, воннаби 15-рунщи
 32410 | Spider:2 | Goblin1989: и тру уровня сразу получил
 32414 | Spider:2 | ololoev: http://crawl.akrasiac.org/scoring/players/lavandula.html
 32414 | Spider:2 | Killed Asterion
 32415 | Spider:2 | DEFE: > Тут я умирал раз 7-8, очень разочарованным и изнуренным.
 32415 | Spider:2 | DEFE: KFkbtd? Rnj-nj j,jitk nt,z
 32415 | Spider:2 | DEFE: Кто-то обошел тебя
 32415 | Spider:2 | Iwannabefree: gde eto
 32415 | Spider:2 | DEFE: по смертям на орбране
 32415 | Spider:2 | Iwannabefree: это в нашем то кравлотреде?
 32415 | Spider:2 | DEFE: 7-8 раз
 32415 | Spider:2 | ololoev: а, это я копирнул из vk
 32415 | Spider:2 | ololoev: слишком смешной гайд
 32415 | Spider:2 | Iwannabefree: ага
 32415 | Spider:2 | Iwannabefree: про нагу то
 32415 | Spider:2 | Iwannabefree: охуительные истории
 32415 | Spider:2 | Iwannabefree: пьешь хаст и ползешь
 32415 | Spider:2 | DEFE: Это не там где на меня молятся?
 32416 | Spider:2 | Iwannabefree: tam tam
 32479 | Spider:2 | Iwannabefree: жалко на меня не молятся
 32482 | Spider:2 | Goblin1989: на дэфира молятся? О_О
 32495 | Spider:2 | Goblin1989: бля
 32498 | Spider:2 | Iwannabefree: i na kazuala
 32499 | Spider:2 | Goblin1989: я тоже хочу!
 32566 | Spider:2 | DEFE: Мы элитные игроки в кравл
 32572 | Spider:2 | Goblin1989: ну на казуала видимо из-за его DsFi
 32624 | Spider:2 | Goblin1989: илита :)
 32787 | Spider:2 | Noticed Jorgrun
 32795 | Spider:2 | DEFE: ЛОл
 32800 | Spider:2 | DEFE: этот гайд шедевр
 32801 | Spider:2 | Killed Jorgrun
 32827 | Spider:2 | DEFE: про садимся на орб
 33002 | Spider:2 | DEFE: вообще 10 из 10
 33002 | Spider:2 | DEFE: я теперь всегда так нагой буду играть
 33002 | Spider:2 | Goblin1989: почитать что ли
 33002 | Spider:2 | Iwannabefree: >15 run felidom
 33002 | Spider:2 | Iwannabefree: 220k
 33002 | Spider:2 | Iwannabefree: W O W
 33105 | Spider:2 | DEFE: Ну неплохо
 33105 | Spider:2 | Iwannabefree: имо на наге главное дойти до первых рун
 33105 | Spider:2 | Iwannabefree: и их пройти
 33105 | Spider:2 | Iwannabefree: остальное изи
 33186 | Spider:3 | ololoev: зачем вообще аутисты замазывают свои ники?
 33217 | Spider:3 | DEFE: есть у кого картинка про нагу и трех пит фаендов
 33218 | Spider:3 | ololoev: он думает кто-то пойдет на САО смотреть на него?
 33272 | Spider:3 | DEFE: мне она всегда вспоминается когда кто-то пишет, что скорость нинужна
 33272 | Spider:3 | Iwannabefree: чеи нинужен
 33272 | Spider:3 | Iwannabefree: нага под хастой вполне комфортно ползает
 33278 | Spider:3 | DEFE: у меня она была но я ее потерял
 33355 | Spider:3 | Got a jewelled dagger
 33358 | Spider:3 | Identified the cursed +0 dagger "Unaxzeasu" {antimagic, +Blink} (You found it on level 3 of the Spider Nest)
 33414 | Spider:2 | DEFE: наги жирные и броневые
 33466 | Lair:3   | DEFE: медленная версия кентавров
 33522 | Spider:2 | Iwannabefree: kentavri govno
 33522 | Spider:2 | Iwannabefree: nagi krutie
 33545 | Spider:3 | DEFE: Кентавры это те же наги, только быстрые
 33545 | Spider:3 | Iwannabefree: edinstvennoe razlichie
 33584 | Spider:3 | Noticed Roxanne
 34078 | Orc:2    | Bought a book of Party Tricks for 650 gold pieces
 34085 | Orc:2    | Learned a level 6 spell: Invisibility
 34287 | Spider:2 | Iwannabefree: !apt ce
 34287 | Spider:2 | beem: Ce: Fighting: 0, Short: -1, Long: -1, Axes: -1, Maces: -1, Polearms: -1, Staves: -1, Slings: 1, Bows: 3!, Xbows: 1, Throw: 1!, Armour: -3*, Dodge: -3*, Stealth: -4, Shields: -3*, UC: 0, Splcast: -3, Conj: -1, Hexes: -1, Charms: -1, Summ: -1, Nec: -1, Tloc: -1, Tmut: -1, Fire: -1, Ice: -1, Air: -1, Earth: -1, Poison: -2, Inv: 1, Evo: -1, Exp: -1, HP: 1, MP: 0
 34351 | Spider:4 | Entered Level 4 of the Spider Nest
 34426 | Spider:3 | Reached skill level 5 in Armour
 34855 | Spider:3 | Goblin1989: !apt na
 34855 | Spider:3 | beem: Na: Fighting: 0, Short: 0, Long: 0, Axes: 0, Maces: 0, Polearms: 0, Staves: 0, Slings: -1, Bows: -1, Xbows: -1, Throw: -1, Armour: -2, Dodge: -2, Stealth: 5!, Shields: -2, UC: 0, Splcast: -1, Conj: 0, Hexes: 0, Charms: 0, Summ: 0, Nec: 0, Tloc: 0, Tmut: 0, Fire: 0, Ice: 0, Air: 0, Earth: 0, Poison: 3!, Inv: 1, Evo: 0, Exp: 0, HP: 2, MP: 0
 34953 | Spider:4 | Goblin1989: в аптах довольно сильные различия
 34964 | Spider:4 | Iwannabefree: v statah
 34964 | Spider:4 | Iwannabefree: i ac
 34964 | Spider:4 | Iwannabefree: i constrict
 35032 | Spider:4 | DEFE: еще стлес у наги и рПойз
 35042 | Spider:4 | Goblin1989: бля
 35042 | Spider:4 | DEFE: Но сокорсть так-то перебивает все эти бонусы
 35050 | Spider:4 | DEFE: Кстати, я придумал фишку, которую не успел опрбовать - это иметь с собой оружие дисторшена, снимать и надевать его, чтобы попасть в эбис и там перезимовать опасность.
 35058 | Spider:4 | DEFE: Лол
 35059 | Spider:4 | Goblin1989: ну и какие это тогда медленные кетавры?!
 35059 | Spider:4 | DEFE: Я думаю этогда троллинг
 35059 | Spider:4 | ololoev: сваливать в абисс на орбране если прижало это весело
 35059 | Spider:4 | Iwannabefree: >>>Но сокорсть так-то перебивает все эти бонусы
 35059 | Spider:4 | Iwannabefree: С П Р И Г Н Е Н
 35074 | Spider:4 | DEFE: у сприггана хитов нет
 35192 | Spider:4 | DEFE: я щитаю сила расы равна сумме скорости и хитов
 35204 | Spider:4 | DEFE: поэтому кентавры топ
 35224 | Spider:4 | DEFE: у них много и того и другого
 35244 | Spider:4 | DEFE: а наги и спригганы оба в нормал тире
 35246 | Spider:4 | ololoev: сумма скорости, хитов и апты на кожуру
 35261 | Spider:4 | ololoev: DEFE топ
 35261 | Spider:4 | DEFE: на топоры ты хотел сказать
 35267 | Spider:4 | ololoev: ну это если маг дубинки то да
 35279 | Spider:4 | ololoev: если маг магии то на кожуру
 35456 | Spider:4 | Iwannabefree: лалеев
 35456 | Spider:4 | Iwannabefree: играй на огре
 35456 | Spider:4 | Goblin1989: а я бы вообще сказал вам что самый топ это прямые руки
 35456 | Spider:4 | Iwannabefree: сделаешь стрик 20-30
 35503 | Spider:4 | Iwannabefree: огфе веха новый тренд
 35514 | Spider:4 | Paralysed by a hornet for 1 turns
 35536 | Spider:4 | Paralysed by a hornet for 3 turns
 35537 | Spider:4 | DEFE: не
 35539 | Spider:4 | DEFE: прямы руки не помогут
 35540 | Spider:4 | DEFE: от банды гноллей на д1
 35540 | Spider:4 | Iwannabefree: veselo
 35540 | Spider:4 | DEFE: ну ьлинк
 35541 | Spider:4 | Goblin1989: помогут
 35541 | Spider:4 | DEFE: куринг
 35559 | Spider:4 | DEFE: за нагу не помогут
 35567 | Spider:4 | DEFE: она не убежит даже
 35759 | Spider:4 | DEFE: в отличии от кентавра
 35763 | Spider:4 | Goblin1989: можно отступать пока хиптоинты не восстановятся
 35792 | Spider:4 | Got a gossamer rune of Zot
 35793 | Spider:4 | DEFE: двойной ход
 35808 | Spider:4 | Goblin1989: а, ну это
 35825 | Spider:4 | Goblin1989: можно вниз спрыгнуть
 35825 | Spider:4 | Iwannabefree: наги как раз могут ебнуть одного-двух гноллов
 35825 | Spider:4 | Iwannabefree: если у них не хальберды
 35825 | Spider:4 | Goblin1989: все равно можно что-нибудь придумать
 35825 | Spider:4 | Iwannabefree: плевками
 35831 | Spider:4 | DEFE: еще тема
 35832 | Spider:4 | DEFE: ПЧЕЛА
 35841 | Spider:4 | DEFE: на д4
 35901 | Spider:4 | Goblin1989: печелЫ
 35933 | Spider:4 | DEFE: на д4 достаточно и одной
 35942 | Spider:4 | Reached XP level 18. HP: 142/145 MP: 17/31
 35945 | Spider:4 | Goblin1989: они же по одной НИКОГДА не ходят
 35964 | Spider:4 | DEFE: даже зомби пчелы достаточно
 35984 | Spider:4 | Goblin1989: у видел одну - рядом еще куча значит
 36017 | Spider:4 | DEFE: обычно да
 36052 | Spider:4 | Goblin1989: не, ну самый калл из персов это конечно же тенгу
 36053 | Spider:4 | DEFE: но стай на д4 не бывают
 36053 | Spider:4 | Iwannabefree: пак мелиаев на д8
 36053 | Spider:4 | ololoev: вообще я буду делать ОгФЕ, и с учетом недавних изменений, буду таки кастовать
 36067 | Spider:4 | Goblin1989: эльф-маг на д5!
 36092 | Spider:4 | Iwannabefree: грифон на д3
 36092 | Spider:4 | Iwannabefree: у меня был
 36092 | Spider:4 | Goblin1989: не видел
 36092 | Spider:4 | Iwannabefree: я даже скрин в тред кидал
 36092 | Spider:4 | Iwannabefree: поищи по wut
 36098 | Spider:4 | Iwannabefree: и асид блоб в лейре
 36164 | Spider:4 | ololoev: эльф маг на д5 фигня если заспаунился на границе лоса
 36188 | Spider:4 | ololoev: если ты не нага конечно
 36198 | Spider:4 | ololoev: и не лягуха
 36228 | Spider:4 | ololoev: лягух пробовали уже кстати?
 36247 | Spider:4 | ololoev: !apt ba
 36269 | Spider:4 | beem: Could not understand "ba"
 36300 | Spider:4 | ololoev: !apt bs
 36300 | Spider:4 | beem: Could not understand "bs"
 36300 | Spider:4 | ololoev: так
 36306 | Spider:4 | ololoev: как их там
 36306 | Spider:4 | DEFE: лол
 36306 | Spider:4 | Iwannabefree: ne vpilili
 36306 | Spider:4 | Goblin1989: e ve vtyz d htrjhlf[ ukzym
 36306 | Spider:4 | Iwannabefree: oni ba
 36306 | Spider:4 | DEFE: я только заметил
 36329 | Spider:4 | Goblin1989: да бля!
 36329 | Spider:4 | DEFE: ввели лягушку
 36437 | Spider:4 | Goblin1989: у меня в рекордах глянь!
 36452 | Spider:4 | DEFE: в транке есть уже
 36513 | Spider:4 | ololoev: в бима не впилили значит
 36536 | Spider:4 | ololoev: надо сделать babe of trog
 36706 | D:8      | ololoev: cmon babe
 36706 | D:8      | ololoev: wanan some hot rods?
 36706 | D:8      | Iwannabefree: back
 36706 | D:8      | ololoev: кто выкатился из кравла из-за выпила родов и диска?
 36706 | D:8      | Iwannabefree: я выкатился из транка после выпила эльфов и палок
 36706 | D:8      | DEFE: ну вообще
 36706 | D:8      | DEFE: все меньше желания играть транк
 36706 | D:8      | DEFE: ищ-за ремувов
 36706 | D:8      | DEFE: ща лягух заценю
 36706 | D:8      | DEFE: укачусь в некроверсии
 36706 | D:8      | DEFE: до турнира
 36706 | D:8      | Iwannabefree: жду фидбек
 36706 | D:8      | Iwannabefree: по ним
 36706 | D:8      | DEFE: ну
 36706 | D:8      | DEFE: полет нормальный
 36706 | D:8      | ololoev: на самом деле роды на мой взгляд были сломаны, хорошо что их выпилили и впилили ванды
 36706 | D:8      | DEFE: the +9 hand axe of Destiny (weapon) {chaos, Int+2 Stlth+}
 36833 | Elf:1    | Entered Level 1 of the Elven Halls
 36961 | Elf:1    | Identified a scroll of acquirement
 36967 | Elf:1    | Got a shimmering great sword
 36968 | Elf:1    | Identified the +2 great sword "Wyecoadoptea" {slice, MP+9 Int-3 Dex+5} (You acquired it on level 1 of the Elven Halls)
 37773 | Elf:1    | Reached skill level 10 in Spellcasting
 38009 | Elf:2    | Found Qouruk's Magic Scroll Shop.
 38026 | Elf:2    | Bought a scroll of teleportation for 39 gold pieces
 38026 | Elf:2    | Bought a scroll of fear for 45 gold pieces
 38033 | Elf:2    | Learned a level 6 spell: Simulacrum
 38158 | Elf:2    | Reached skill level 15 in Stealth
 38465 | Elf:2    | Found a runed gate.
 38465 | Elf:2    | Found a runed gate.
 38465 | Elf:2    | Found a runed gate.
 38601 | Elf:3    | Entered Level 3 of the Elven Halls
 38618 | Elf:3    | Found a radiant altar of Vehumet.
 40227 | Elf:2    | Reached XP level 19. HP: 121/152 MP: 27/33
 41001 | Elf:3    | HP: 5/152 [deep elf high priest/damnation (35)]
 41468 | Elf:3    | Identified the +9 great mace of the Jolly Tales {speed, rF+ Str+2} (You took it off a deep elf sorcerer on level 3 of the Elven Halls)
 41528 | Elf:3    | Noticed a Brimstone Fiend
 42148 | Elf:3    | Got a slimy short sword
 42149 | Elf:3    | Identified the +5 short sword of True Grit {flame, rF+ rC- Int+3 SInv} (You found it on level 3 of the Elven Halls)
 42152 | Elf:3    | Identified the +2 pair of gloves of Valour {rCorr} (You found it on level 3 of the Elven Halls)
 42192 | Elf:3    | Got an ancient steel ring
 42193 | Elf:3    | Identified the ring of Equilibrium {*Corrode +Fly MR+ MP+9 Str+6} (You found it on level 3 of the Elven Halls)
 42346 | Elf:3    | Iwannabefree: ??corrode
 42346 | Elf:3    | beem: corrode[1/1]: A randart property that gives you a 3% chance to be corroded upon taking damage.
 42534 | Vaults:1 | Entered Level 1 of the Vaults
 42659 | Vaults:1 | Found a magical portal.
 42668 | WizLab   | Entered The Chambers of the Cloud Mage
 42755 | WizLab   | Reached skill level 15 in Fighting
 43023 | WizLab   | Noticed Mashilua
 43030 | WizLab   | Killed Mashilua the Cloud Mage
 43037 | WizLab   | Iwannabefree: ??robe of clouds
 43037 | WizLab   | beem: robe of clouds[1/1]: A +3 robe with +Fly and rElec. It trails thin mist behind you as you walk. This can turn floor into shallow water and then shallow water into deep water.
 43068 | WizLab   | Identified the Tome of Air
 43077 | WizLab   | Learned a level 5 spell: Silence
 43087 | WizLab   | Identified the Compendium of Feathers
 43377 | Vaults:1 | Found Isukhlie's Book Emporium.
 43793 | Vaults:1 | Reached XP level 20. HP: 139/162 MP: 25/34
 44727 | Vaults:2 | Noticed Jory
 44743 | Vaults:2 | Killed Jory
 45708 | Vaults:2 | Reached skill level 5 in Charms
 45943 | Vaults:3 | Noticed Boris
 45945 | Vaults:3 | Killed Boris
 45946 | Vaults:3 | Found a staircase to the Crypt.
 46146 | Vaults:3 | Found an iron altar of Okawaru.
 46696 | Vaults:3 | Learned a level 2 spell: Repel Missiles
 46701 | Vaults:3 | Learned a level 2 spell: Blink
 46771 | Vaults:3 | Reached XP level 21. HP: 159/171 MP: 36/36
 46814 | Vaults:3 | Noticed Mara
 46816 | Vaults:3 | Noticed Iwannabefree's illusion
 47138 | Vaults:3 | Noticed Iwannabefree's illusion
 47193 | Vaults:3 | Killed Mara
 48128 | Vaults:4 | Reached skill level 15 in Necromancy
 48629 | Vaults:4 | Iwannabefree: @??vault warden
 48629 | Vaults:4 | beem: vault warden (p)
                  | Spd:
    10 | HD: 16   | HP: 72-104
                  | AC/EV: 10/10
                  | Dam: 36
                  | weapons, items, doors, fighter, see invisible
                  | Res: magic(60)
                  | XP: 1690
                  | Sp: seal doors
                  | Sz: Medium
                  | Int: human.
 49083 | Vaults:1 | Bought a book of Enchantments for 650 gold pieces
 49085 | Vaults:1 | Learned a level 1 spell: Apportation
 49178 | Crypt:1  | Entered Level 1 of the Crypt
 49280 | Crypt:1  | Found an ancient bone altar of Kikubaaqudgha.
 49314 | Crypt:1  | Noticed Frederick
 49334 | Crypt:1  | Killed Frederick
 49889 | Crypt:1  | Reached XP level 22. HP: 172/182 MP: 39/39
 50971 | Crypt:2  | Noticed Mennas
 51040 | Crypt:3  | Entered Level 3 of the Crypt
 51263 | Crypt:2  | Killed Mennas
 52411 | Crypt:3  | Noticed a curse toe
 52495 | Crypt:3  | Killed a curse toe
 52797 | Crypt:3  | Identified Kikubaaqudgha's Compendium of Sinister Arts
 53062 | Crypt:3  | Found a staircase to the Tomb.
 53478 | Depths:1 | Entered Level 1 of the Depths
 53478 | Depths:1 | Noticed Aizul
 53478 | Depths:1 | Noticed the Enchantress
 53479 | Depths:1 | jacquesderrida: it me
 53479 | Depths:1 | Iwannabefree: yo
 53479 | Depths:1 | Iwannabefree: che kak
 53908 | D:15     | Killed the Enchantress
 53910 | D:15     | Got faerie dragon scales
 53946 | D:15     | Identified the +6 faerie dragon scales {+Fly MR+ Slay-6 Stlth+} (You took it off the Enchantress on level 15 of the Dungeon)
 53946 | D:15     | Iwannabefree: opyat govno...
 53978 | D:15     | Killed Aizul
 54120 | Depths:1 | jacquesderrida: Da
 54142 | Depths:1 | Got a brightly glowing lapis lazuli ring
 54144 | Depths:1 | Got a steaming steel ring
 54146 | Depths:1 | Identified the ring of Safof {Fire Int+4 Dex+4} (You found it on level 1 of the Depths)
 54147 | Depths:1 | Identified the ring "Qiereyrgh" {MP+9 Dex+3} (You found it on level 1 of the Depths)
 54202 | Depths:1 | Iwannabefree: ya pro faerie dragon armour :DDD
 54417 | Depths:1 | Reached XP level 23. HP: 185/190 MP: 41/41
 54647 | Depths:1 | Found a gateway to Hell.
 54980 | Depths:2 | Got a crystal long sword
 55460 | Depths:2 | Reached skill level 15 in Spellcasting
 56404 | Depths:3 | Noticed a caustic shrike
 56430 | Depths:3 | Iwannabefree: pls????
 56562 | Depths:3 | Killed a caustic shrike
 56596 | Depths:3 | Noticed a caustic shrike
 56834 | Depths:2 | jacquesderrida: Eto da
 56834 | Depths:2 | Iwannabefree: shto da
 57291 | Depths:3 | Noticed Boris
 57317 | Depths:3 | Killed Boris
 57317 | Depths:3 | Reached skill level 14 in Dodging
 57468 | Depths:3 | Noticed a juggernaut
 57479 | Depths:3 | Killed a juggernaut
 57479 | Depths:3 | Reached XP level 24. HP: 158/199 MP: 42/42
 57510 | Depths:3 | Reached skill level 15 in Dodging
 57966 | Depths:3 | Found a one-way gate leading to the halls of Pandemonium.
 58187 | Depths:3 | Identified the +0 pair of gloves of Sin {rF++ rN+ Regen+ Stlth+} (You found it on level 3 of the Depths)
 58290 | Depths:3 | Identified the +5 double sword of Trog's Wrath {protect, rF+} (You took it off a tengu reaver on level 3 of the Depths)
 58348 | Depths:3 | Found Gaamer's Distillery.
 58356 | Depths:3 | Bought a potion of magic for 152 gold pieces
 58356 | Depths:3 | Bought a potion of curing for 57 gold pieces
 58356 | Depths:3 | Bought a potion of heal wounds for 95 gold pieces
 58356 | Depths:3 | Bought 2 potions of curing for 114 gold pieces
 58356 | Depths:3 | Bought a potion of ambrosia for 152 gold pieces
 58708 | D:6      | Bought a +6 ring of dexterity for 643 gold pieces
 58966 | Depths:4 | Reached skill level 16 in Dodging
 59028 | Depths:4 | Found a one-way gate to the infinite horrors of the Abyss.
 59867 | Depths:4 | Reached skill level 17 in Dodging
 59939 | Depths:4 | Found a gateway to a ziggurat.
 60431 | Depths:5 | Entered Level 5 of the Depths
 60431 | Depths:5 | Noticed a juggernaut
 60432 | Depths:5 | jacquesderrida: :DDDDDD
 60432 | Depths:5 | jacquesderrida: IT ME
 60432 | Depths:5 | Iwannabefree: yoo
 60443 | Depths:4 | Killed a juggernaut
 60687 | Depths:5 | Found a gate to the Realm of Zot.
 60844 | Depths:5 | Learned a level 8 spell: Discord
 60924 | Depths:5 | Found a corrupted altar of Lugonu.
 61423 | Depths:5 | Reached skill level 18 in Dodging
 61662 | Depths:5 | Iwannabefree: tam yermak za barachelaina igraet
 61917 | Vaults:5 | Entered Level 5 of the Vaults
 61922 | Vaults:5 | Reached XP level 25. HP: 205/205 MP: 35/42
 61963 | Vaults:5 | Noticed Saint Roka
 61977 | Vaults:5 | Killed Saint Roka
 61984 | Vaults:5 | Reached skill level 15 in Hexes
 62185 | Vaults:5 | jacquesderrida: 'Yermak'
 62194 | Vaults:5 | jacquesderrida: А кого ебет...
 62202 | Vaults:5 | jacquesderrida: Ермак сосет...
 62215 | Vaults:5 | Iwannabefree: ??yermak
 62215 | Vaults:5 | beem: I don't have a page labeled yermak in my learndb.
 62215 | Vaults:5 | Iwannabefree: da...
 62215 | Vaults:5 | Iwannabefree: dazhe svoei stranitsi net
 62215 | Vaults:5 | Iwannabefree: heh
 62256 | Vaults:5 | Iwannabefree: ебучий пидор кику дает говно вместо корпсов
 62266 | Vaults:5 | Got a silver rune of Zot
 62546 | Vaults:5 | Reached skill level 19 in Dodging
 62563 | Vaults:5 | Noticed Atlantean's ghost (master GrFi)
 62604 | Vaults:5 | Killed Atlantean's ghost
 62847 | Vaults:5 | Got a clouded tin amulet
 63091 | Vaults:5 | Identified the amulet "Empaziu" {Reflect *Corrode rPois Int+4 Dex+3 SH+2 Stlth+} (You took it off a vault warden on level 5 of the Vaults)
 63578 | Vaults:5 | Identified the Handbook of the Unholy Frostbite
 63594 | Vaults:5 | Learned a level 2 spell: Passwall
 63665 | Vaults:5 | Got a clouded lead ring
 63727 | Vaults:5 | Identified the Incunabulum of Poisoning and Creation
 63777 | Vaults:5 | Identified the ring of Xiet {Wiz rC+ rN+} (You took it off an ironbrand convoker on level 5 of the Vaults)
 64074 | Vaults:5 | Identified the +0 cloak of the Desert {rElec rCorr Int-4 Dex+10} (You found it on level 5 of the Vaults)
 64076 | Vaults:5 | Iwannabefree: wow
 64494 | Orc:2    | Bought a pair of glowing boots for 420 gold pieces
 64811 | Tomb:1   | Entered Level 1 of the Tomb of the Ancients
 65156 | Tomb:1   | Reached skill level 20 in Dodging
 65200 | Tomb:1   | Noticed a greater mummy
 65305 | Tomb:1   | Killed a greater mummy
 65305 | Tomb:1   | Reached skill level 1 in Air Magic
 65403 | Tomb:1   | Noticed a greater mummy
 65433 | Tomb:1   | Killed a greater mummy
 65433 | Tomb:1   | Reached XP level 26. HP: 185/213 MP: 42/42
 65482 | Tomb:1   | Identified the +5 halberd of Grace {antimagic, MR- Str+6} (You found it on level 1 of the Tomb of the Ancients)
 65644 | Tomb:2   | Noticed a greater mummy
 65644 | Tomb:2   | Noticed a greater mummy
 65644 | Tomb:2   | Noticed a greater mummy
 65681 | Tomb:2   | Noticed a greater mummy
 65757 | Tomb:1   | Killed a greater mummy
 65945 | Tomb:1   | Killed a greater mummy
 66305 | Tomb:2   | Gained mutation: Your spells are a little easier to cast, but a little less powerful. [the power of Zot]
 66325 | Tomb:1   | Killed a greater mummy
 66459 | Tomb:1   | Killed a greater mummy
 66569 | Tomb:1   | Reached skill level 5 in Air Magic
 66831 | Tomb:2   | Gained mutation: You are clumsy. (Dex -2) [a neqoxec]
 67328 | Tomb:1   | Noticed a greater mummy
 67436 | Tomb:1   | Killed a greater mummy
 67447 | Tomb:1   | Noticed a greater mummy
 67463 | Tomb:1   | Killed a greater mummy
 67471 | Tomb:1   | Noticed a greater mummy
 67509 | Tomb:1   | Killed a greater mummy
 67542 | Tomb:1   | Noticed a greater mummy
 67577 | Tomb:1   | Killed a greater mummy
 67577 | Tomb:1   | Reached skill level 21 in Dodging
 67657 | Tomb:1   | Noticed a greater mummy
 67691 | Tomb:1   | Killed a greater mummy
 67708 | Tomb:1   | Noticed a greater mummy
 67814 | Tomb:1   | Killed a greater mummy
 67883 | Tomb:1   | Noticed a greater mummy
 67908 | Tomb:1   | Killed a greater mummy
 67929 | Tomb:1   | Noticed a greater mummy
 67932 | Tomb:1   | Killed a greater mummy
 68248 | Tomb:3   | Entered Level 3 of the Tomb of the Ancients
 68271 | Tomb:3   | Noticed a greater mummy
 68397 | Tomb:3   | Noticed a greater mummy
 68615 | Tomb:3   | Noticed a greater mummy
 68915 | Tomb:3   | Noticed a greater mummy
 69186 | Tomb:2   | Killed a greater mummy
 69373 | Tomb:2   | Killed a greater mummy
 69392 | Tomb:2   | Killed a greater mummy
 69651 | Tomb:2   | Killed a greater mummy
 70109 | Tomb:3   | Reached skill level 22 in Dodging
 70155 | Tomb:3   | Noticed a greater mummy
 70172 | Tomb:3   | Killed a greater mummy
 70172 | Tomb:3   | Reached XP level 27. HP: 155/210 MP: 40/42
 70248 | Tomb:3   | Noticed a greater mummy
 70257 | Tomb:3   | Killed a greater mummy
 70292 | Tomb:3   | Noticed a greater mummy
 70313 | Tomb:3   | Killed a greater mummy
 70323 | Tomb:3   | Got a golden rune of Zot
 70371 | Tomb:3   | Noticed a greater mummy
 70396 | Tomb:3   | Killed a greater mummy
 70488 | Tomb:3   | Noticed a greater mummy
 70509 | Tomb:3   | Killed a greater mummy
 70939 | Zot:1    | Entered Level 1 of the Realm of Zot
 71203 | Zot:1    | Reached skill level 23 in Dodging
 72152 | Zot:5    | Entered Level 5 of the Realm of Zot
 72575 | Zot:5    | Noticed an ancient lich
 72595 | Zot:5    | Killed an ancient lich
 72595 | Zot:5    | Reached skill level 24 in Dodging
 72710 | Zot:5    | Noticed an ancient lich
 72725 | Zot:5    | Killed an ancient lich
 72907 | Zot:5    | Noticed an ancient lich
 72933 | Zot:5    | Noticed an ancient lich
 72934 | Zot:5    | Killed an ancient lich
 72951 | Zot:5    | Killed an ancient lich
 72951 | Zot:5    | Reached skill level 25 in Dodging
 72985 | Zot:5    | Noticed an orb of fire
 72998 | Zot:5    | Killed an orb of fire
 73064 | Zot:5    | Noticed an orb of fire
 73083 | Zot:5    | Gained mutation: Potions and wands are less effective at restoring your health. [an orb of fire]
 73087 | Zot:5    | Killed an orb of fire
 73113 | Zot:5    | Noticed an ancient lich
 73119 | Zot:5    | Killed an ancient lich
 73291 | Zot:5    | Noticed an ancient lich
 73312 | Zot:5    | Killed an ancient lich
 73345 | Zot:5    | Noticed an orb of fire
 73355 | Zot:5    | Gained mutation: Armour fits poorly on your strangely shaped body. [an orb of fire]
 73362 | Zot:5    | Killed an orb of fire
 73362 | Zot:5    | Reached skill level 26 in Dodging
 73478 | Zot:5    | Lost mutation: Armour fits poorly on your strangely shaped body. [potion of cure mutation]
 73478 | Zot:5    | Lost mutation: You are clumsy. (Dex -2) [potion of cure mutation]
 73478 | Zot:5    | Lost mutation: Your mind is acute. (Int +2) [potion of cure mutation]
 73478 | Zot:5    | Lost mutation: You are partially covered in large bone plates. (SH +4) [potion of cure mutation]
 73650 | Zot:5    | Identified the +0 cloak of Rynimug {rElec MR++ Str-4} (You found it on level 5 of the Realm of Zot)
 73674 | Zot:5    | Got the Orb of Zot
 73696 | Zot:5    | Noticed a seraph
 74153 | D:3      | Noticed Qathith the pandemonium lord
 74231 | D:$      | Escaped with the Orb!

Skill      XL: |  1  2  3  4  5  6  7  8  9 10 11 12 13 14 15 16 17 18 19 20 21 22 23 24 25 26 27 |
---------------+----------------------------------------------------------------------------------+-----
Ice Magic      | 4 5 6 |  6.5
Spellcasting   | 3 4 6 8 9 10 11 13 14 15 | 15.0
Charms         | 1 2 5 |  5.0
Conjurations   | 1 |  1.2
Long Blades    | 1 3 5 7 9 11 12 13 14 15 16 17 18 19 20 | 20.0
Necromancy     | 2 5 7 10 12 14 15 17 19 20 22 24 | 24.0
Fighting       | 4 6 7 9 10 12 13 14 15 16 17 18 | 18.5
Armour         | 3 4 5 9 |  9.0
Dodging        | 5 7 9 10 12 13 14 18 20 22 26 | 26.6
Hexes          | 4 8 10 12 14 17 | 17.5
Stealth        | 7 11 14 16 17 19 | 19.0
Air Magic      | 2 6 |  6.0

Action                   |  1- 3 |  4- 6 |  7- 9 | 10-12 | 13-15 | 16-18 | 19-21 | 22-24 | 25-27 || total
-------------------------+-------+-------+-------+-------+-------+-------+-------+-------+-------++-------
Melee: Club              |    54 |    48 |       |       |       |       |       |       |       ||   102
       Bite              |     8 |     4 |     7 |    59 |   182 |   176 |   261 |   351 |   608 ||  1656
       Unarmed           |     1 |       |       |       |       |       |       |       |       ||     1
       Long sword        |       |    35 |   111 |   538 |   935 |   520 |       |       |       ||  2139
       Headbutt          |       |       |       |    63 |   327 |   342 |   452 |   595 |  1084 ||  2863
       Dagger            |       |       |       |       |   194 |   348 |   197 |   204 |   172 ||  1115
       Great sword       |       |       |       |       |    54 |   630 |  1283 |  1457 |  1961 ||  5385
Throw: Throwing net      |       |       |       |       |       |       |     2 |       |       ||     2
 Cast: Freeze            |    63 |    85 |    14 |     9 |       |       |       |       |       ||   171
       Ozocubu's Armour  |       |     1 |     3 |     9 |    21 |    11 |     7 |    11 |    20 ||    83
       Pain              |       |       |    65 |       |       |       |       |       |       ||    65
       Corpse Rot        |       |       |     1 |     3 |       |       |       |       |       ||     4
       Vampiric Draining |       |       |     7 |    72 |   152 |   135 |    49 |    41 |    15 ||   471
       Dispel Undead     |       |       |       |     3 |    50 |    19 |    30 |   110 |    16 ||   228
       Animate Dead      |       |       |       |     7 |    18 |    17 |       |       |       ||    42
       Confuse           |       |       |       |       |    87 |    73 |    44 |    54 |    40 ||   298
       Spectral Weapon   |       |       |       |       |     2 |     2 |    21 |    19 |    17 ||    61
       Invisibility      |       |       |       |       |       |    14 |    15 |     6 |     9 ||    44
       Silence           |       |       |       |       |       |       |     4 |     4 |    42 ||    50
       Repel Missiles    |       |       |       |       |       |       |     3 |    10 |     7 ||    20
       Simulacrum        |       |       |       |       |       |       |       |    26 |    31 ||    57
       Blink             |       |       |       |       |       |       |       |     3 |     7 ||    10
       Discord           |       |       |       |       |       |       |       |     1 |     4 ||     5
       Apportation       |       |       |       |       |       |       |       |       |     1 ||     1
Invok: Receive Corpses   |       |       |       |     8 |    22 |    29 |       |    17 |    28 ||   104
 Abil: Bat Form          |       |       |       |     2 |     2 |    11 |       |       |     3 ||    18
       End Transformatio |       |       |       |     2 |     2 |    11 |       |       |     2 ||    17
       Evoke Flight      |       |       |       |       |       |       |       |     1 |       ||     1
Evoke: Wand              |       |       |     1 |     3 |     1 |     1 |     2 |     2 |    12 ||    22
       Rod               |       |       |       |       |     2 |       |       |       |       ||     2
  Use: Scroll            |       |     1 |     9 |    20 |     8 |    15 |    20 |    22 |    29 ||   124
       Potion            |       |       |     1 |     6 |     6 |    33 |    11 |    32 |    33 ||   122
 Stab: Sleeping          |     6 |     3 |     2 |    12 |    13 |    55 |    52 |    35 |    14 ||   192
       Distracted        |       |       |       |     5 |     8 |    10 |     8 |    22 |    29 ||    82
       Confused          |       |       |       |       |    54 |    59 |    15 |    23 |    23 ||   174
       Invisible         |       |       |       |       |       |    58 |    73 |    64 |    93 ||   288
       Fleeing           |       |       |       |       |       |     1 |       |       |       ||     1
       Held in net/web   |       |       |       |       |       |     2 |     2 |       |       ||     4
  Eat: Corpse            |     8 |    13 |     7 |    27 |    43 |    34 |    41 |    37 |    41 ||   251
Armor: Robe              |    22 |     4 |       |       |       |       |       |       |       ||    26
       Leather armour    |       |    69 |    58 |    61 |    77 |       |       |       |       ||   265
       Troll leather arm |       |       |       |    79 |       |       |       |       |       ||    79
       Steam dragon scal |       |       |       |       |   131 |   398 |   286 |   313 |   372 ||  1500
Dodge: Dodged            |    93 |   149 |    76 |   392 |   893 |  1542 |  1166 |  1470 |  2418 ||  8199
       Deflected         |       |       |       |       |       |       |    10 |    38 |    29 ||    77
Block: Other             |       |       |       |       |       |   236 |   214 |   273 |   508 ||  1231
       Reflection        |       |       |       |       |       |       |       |     5 |    14 ||    19
       Rpst.: Long sword |       |    12 |    15 |   101 |   188 |   107 |       |       |       ||   423
       Great sword       |       |       |       |       |    17 |   157 |   315 |   258 |   590 ||  1337
